AoeStats
← nanakusa

Pilgrims

507220624Analyzed
4v4 RM · 15d ago on Sep 17, 2026· 38m 53s· 8 players
Game mode
Random Map
Map size
Large (8 player)
Population
200
Speed
Normal
Resources
Standard
Victory
Conquest
Starting age
Dark Age
Ending age
Imperial Age
RankedLock teamsTeams togetherTeam positionsShared explorationLock speedFull tech treeHidden civsTurbo modeCheats
Victory
Defeat
🇦🇷 Aztecs · Argentina
1623
+12
🇹🇼 Portuguese · Taiwan
1589
+13
🇹🇼 Burgundians · Taiwan
1579
+13
🇲🇽 Dravidians · Mexico
1565
+14
🇨🇳 Vikings · China
1610
-17
🇯🇵 Poles · Japan
1528
-13
🇨🇳 Berbers · China
1487
-12
🇨🇳 Armenians · China
1458
-10
nanakusa
11:02 Feudal Age
12:31 Wheelbarrow
11:59 Double-Bit Axe
13:27 Loom
16:02 Castle Age
14:45 Horse Collar
14:53 Fishing Lines
15:00 Fishing Lines
16:23 Gold Mining
17:05 Bow Saw
19:30 Fletching
22:16 Town Watch
24:29 Heavy Plow
26:57 Szlachta Privileges
29:04 Hand Cart
29:18 Bloodlines
29:08 Husbandry
30:47 Scale Barding Armor
31:26 Forging
32:28 Chain Barding Armor
33:48 Iron Casting
网恋被骗50块
4:21 Loom
11:39 Feudal Age
12:42 Fishing Lines
12:54 Horse Collar
13:10 Double-Bit Axe
16:08 Castle Age
14:11 Padded Archer Armor
14:42 Stone Mining
16:01 Gold Mining
17:30 Town Watch
18:20 Wheelbarrow
17:49 Gillnets
18:50 Stone Shaft Mining
21:22 Fletching
26:44 Gold Shaft Mining
26:32 Ballistics
25:53 Treadmill Crane
30:38 Masonry
31:45 Kasbah
33:32 Murder Holes
33:36 Bodkin Arrow
34:55 Thumb Ring
35:36 Bloodlines
36:40 Leather Archer Armor
seabed
3:12 Loom
11:31 Feudal Age
12:21 Double-Bit Axe
15:22 Castle Age
13:42 Fletching
16:00 Bodkin Arrow
16:30 Medium Warships
18:02 Fishing Lines
19:15 Gillnets
26:32 Bow Saw
38:41 Forging
精锐 N B
11:56 Feudal Age
16:21 Castle Age
14:58 Double-Bit Axe
17:14 Medium Warships
19:28 Fletching
23:06 Clinker Construction
23:21 Careening
25:57 Bodkin Arrow
27:45 Fishing Lines
28:57 Gillnets
38:20 Imperial Age
36:39 Man-at-Arms
37:25 Gambesons
37:40 Squires
37:25 Arson
37:32 Long Swordsman
eL| Barry_Allen
4:27 Loom
10:50 Feudal Age
15:56 Castle Age
17:05 Medium Warships
17:22 Double-Bit Axe
18:29 Bow Saw
22:56 Imperial Age
21:11 Clinker Construction
21:13 Careening
22:42 Wheelbarrow
22:49 Horse Collar
24:06 Heavy Warships
23:58 Town Watch
24:31 Hand Cart
25:20 Dry Dock
26:57 Heavy Plow
27:29 Fishing Lines
29:40 Two-Man Saw
28:30 Gold Mining
30:24 Carvel Hull
30:14 Siphons
31:15 Conscription
30:36 Demolition Ship
31:15 Town Watch
31:26 Heavy Demolition Ship
32:54 Incendiaries
33:13 Fletching
34:51 Stone Mining
35:24 Pikeman
36:05 Squires
36:53 Gambesons
36:29 Halberdier
36:54 Arson
36:30 Man-at-Arms
37:12 Scale Mail Armor
37:23 Forging
39:02 Chain Mail Armor
39:23 Iron Casting
恆浪蕩
5:21 Loom
11:37 Feudal Age
12:32 Double-Bit Axe
14:29 Wheelbarrow
14:51 Fletching
18:11 Castle Age
18:37 Padded Archer Armor
18:48 Crossbowman
19:34 Thumb Ring
19:25 Bodkin Arrow
20:45 Fishing Lines
22:34 Bow Saw
27:50 Ballistics
27:50 Horse Collar
30:35 Town Watch
35:55 Imperial Age
37:42 Bracer
39:54 Chemistry
默默默默默
10:46 Feudal Age
12:10 Wheelbarrow
11:18 Fishing Lines
14:49 Castle Age
12:51 Double-Bit Axe
14:18 Gold Mining
15:53 Medium Warships
16:01 Forging
17:09 Iron Casting
18:51 Gillnets
18:58 Gillnets
21:37 Bow Saw
22:21 Horse Collar
24:10 Loom
28:53 Imperial Age
27:18 Hand Cart
27:42 Gold Shaft Mining
28:13 Scale Mail Armor
29:03 Chain Mail Armor
29:18 Heavy Plow
28:47 Eagle Warrior
29:44 Squires
30:17 Plate Mail Armor
29:49 Elite Eagle Warrior
31:33 Squires
33:49 Blast Furnace
36:16 Garland Wars
36:15 Arson
鼠條
8:23 Double-Bit Axe
9:06 Loom
11:46 Feudal Age
11:11 Fishing Lines
12:54 Bow Saw
15:25 Castle Age
13:19 Horse Collar
13:33 Gold Mining
16:24 Forging
24:32 Wheelbarrow
24:02 Husbandry
24:31 Stone Mining
25:07 Devotion
25:14 Cavalier
26:04 Scale Barding Armor
26:35 Iron Casting
26:57 Gold Shaft Mining
26:59 Stone Shaft Mining
29:12 Hand Cart
29:35 Heavy Plow
30:37 Two-Man Saw
29:38 Light Cavalry
34:15 Imperial Age
31:30 Town Watch
32:39 Town Patrol
33:02 Chain Barding Armor
33:14 Burgundian Vineyards
34:35 Paladin
36:11 Plate Barding Armor
36:38 Conscription
38:27 Blast Furnace
Connection lost

Rejoining the realm…

Still unreachable

The connection could not be restored.

Session expired

The server has moved on; the page needs a fresh start.